TOP OF THE 1ST |
University of Conneticut Huskies batting - Pitching for University of Southern California Trojans : LHP Ewan Vermeulen
|
Pitching: LHP Ewan Vermeulen
|
|
Batting: RHB Phil Hilton
|
0-0: Ball 1-0: Called Strike 1-1: Swinging Strike 1-2: Ball 2-2: DOUBLE (Groundball, 5L, EV 95.0 MPH)
|
Batting: RHB Jai De san miguel
|
0-0: Called Strike 0-1: Foul Ball, location: 2F 0-2: Fly out, F9 (Line Drive, 9, EV 94.4 MPH)
|
Batting: RHB Roku Kawano
|
0-0: Ball 1-0: Ball 2-0: Called Strike 2-1: Called Strike 2-2: Ball 3-2: Foul Ball, location: 2F 3-2: Strikes out swinging
|
Batting: LHB Greg James
|
0-0: Ball 1-0: Ball 2-0: Ball 3-0: Base on Balls
|
Batting: RHB Victor Ramos
|
0-0: Ball 1-0: Foul Ball, location: 2F 1-1: Ball 2-1: Swinging Strike 2-2: Strikes out looking
|
Top of the 1st over - 0 runs, 1 hit, 0 errors, 2 left on base; University of Conneticut 0 - University of Southern California 0 |
BOTTOM OF THE 1ST |
University of Southern California Trojans batting - Pitching for University of Conneticut Huskies : RHP Jay Catoe
|
Pitching: RHP Jay Catoe
|
|
Batting: RHB Liangde Zhou
|
0-0: Called Strike 0-1: Ball 1-1: Called Strike 1-2: Foul Ball, location: 2F 1-2: Foul Ball, location: 2F 1-2: Ball 2-2: Foul Ball, location: 2F 2-2: Foul Ball, location: 2F 2-2: Foul Ball, location: 2F 2-2: Ball 3-2: Foul Ball, location: 2F 3-2: Ground out 1-3 (Groundball, P, EV 68.1 MPH)
|
Batting: LHB Brad Betterton
|
0-0: Ball 1-0: Bunted foul 1-1: Ball 2-1: Foul Ball, location: 2F 2-2: Ball 3-2: Strikes out looking
|
Batting: RHB Eric Baker
|
0-0: Called Strike 0-1: Ball 1-1: Called Strike 1-2: Foul Ball, location: 2F 1-2: Ball 2-2: Fly out, F8 (Line Drive, 8LD, EV 100.6 MPH)
|
Bottom of the 1st over - 0 runs, 0 hits, 0 errors, 0 left on base; University of Conneticut 0 - University of Southern California 0 |
TOP OF THE 2ND |
University of Conneticut Huskies batting - Pitching for University of Southern California Trojans : LHP Ewan Vermeulen
|
Batting: LHB Jonathan Sica
|
0-0: Swinging Strike 0-1: Swinging Strike 0-2: Ball 1-2: Strikes out looking
|
Batting: LHB Omar Alba
|
0-0: Ball 1-0: Foul Ball, location: 2F 1-1: Ball 2-1: Foul Ball, location: 2F 2-2: Foul Ball, location: 2F 2-2: Ball 3-2: Strikes out swinging
|
Batting: RHB Lee Wilbur
|
0-0: Swinging Strike 0-1: Ball 1-1: SINGLE (Groundball, 6MD, EV 95.6 MPH)
|
Batting: LHB Matt Reed
|
0-0: Called Strike Lee Wilbur steals 2nd base 0-1: Swinging Strike 0-2: Ball 1-2: Ball 2-2: Foul Ball, location: 2F 2-2: Strikes out swinging
|
Top of the 2nd over - 0 runs, 1 hit, 0 errors, 1 left on base; University of Conneticut 0 - University of Southern California 0 |
BOTTOM OF THE 2ND |
University of Southern California Trojans batting - Pitching for University of Conneticut Huskies : RHP Jay Catoe
|
Batting: LHB Justin Veirs
|
0-0: Called Strike 0-1: Foul Ball, location: 2F 0-2: Foul Ball, location: 2F 0-2: Ball 1-2: Fly out, F9 (Flyball, 9, EV 91.2 MPH)
|
Batting: RHB Jeremy McAbee
|
0-0: Ball 1-0: Ball 2-0: Called Strike 2-1: Called Strike 2-2: Ball 3-2: Base on Balls
|
Batting: LHB Eric Rosenstein
|
0-0: Ball 1-0: Fly out, F8 (Flyball, 8RS, EV 85.6 MPH)
|
Batting: RHB Jim Baltazar
|
0-0: Foul Ball, location: 2F 0-1: Ball 1-1: Ball 2-1: SINGLE (Groundball, 56S, EV 72.5 MPH) (infield hit) Jeremy McAbee to second
|
Batting: RHB Jochen Schanz
|
0-0: Reached on error, E6 (Groundball, 6, EV 100.6 MPH) Jeremy McAbee to third Jim Baltazar to second
|
Batting: RHB Tri Kartini
|
0-0: Called Strike 0-1: Fielders Choice at 2nd, 6-4 (Groundball, 56, EV 87.5 MPH)
|
Bottom of the 2nd over - 0 runs, 1 hit, 1 error, 3 left on base; University of Conneticut 0 - University of Southern California 0 |
TOP OF THE 3RD |
University of Conneticut Huskies batting - Pitching for University of Southern California Trojans : LHP Ewan Vermeulen
|
Batting: RHB Phil Hilton
|
0-0: Ball 1-0: Foul Ball, location: 2F 1-1: Foul Ball, location: 2F 1-2: Ball 2-2: Strikes out swinging
|
Batting: RHB Jai De san miguel
|
0-0: Fly out, F9 (Flyball, 89M, EV 89.4 MPH)
|
Batting: RHB Roku Kawano
|
0-0: Called Strike 0-1: Swinging Strike 0-2: Foul Ball, location: 2F 0-2: Foul Ball, location: 2F 0-2: Ball 1-2: Strikes out swinging
|
Top of the 3rd over - 0 runs, 0 hits, 0 errors, 0 left on base; University of Conneticut 0 - University of Southern California 0 |
BOTTOM OF THE 3RD |
University of Southern California Trojans batting - Pitching for University of Conneticut Huskies : RHP Jay Catoe
|
Batting: RHB Liangde Zhou
|
0-0: Ball 1-0: Foul Ball, location: 2F 1-1: Called Strike 1-2: Foul Ball, location: 2F 1-2: Foul Ball, location: 2F 1-2: Fly out, F9 (Flyball, 9D, EV 108.8 MPH)
|
Batting: LHB Brad Betterton
|
0-0: Called Strike 0-1: Foul Ball, location: 2F 0-2: Strikes out swinging
|
Batting: RHB Eric Baker
|
0-0: Called Strike 0-1: Called Strike 0-2: Foul Ball, location: 2F 0-2: Foul Ball, location: 2F 0-2: Strikes out looking
|
Bottom of the 3rd over - 0 runs, 0 hits, 0 errors, 0 left on base; University of Conneticut 0 - University of Southern California 0 |
TOP OF THE 4TH |
University of Conneticut Huskies batting - Pitching for University of Southern California Trojans : LHP Ewan Vermeulen
|
Batting: LHB Greg James
|
0-0: Ground out U3 (Groundball, 34, EV 77.5 MPH)
|
Batting: RHB Victor Ramos
|
0-0: Called Strike 0-1: Ball 1-1: Foul Ball, location: 2F 1-2: Foul Ball, location: 2F 1-2: Ball 2-2: Foul Ball, location: 2F 2-2: Foul Ball, location: 2F 2-2: Ground out U3 (Groundball, 34S, EV 86.2 MPH)
|
Batting: LHB Jonathan Sica
|
0-0: Ball 1-0: Foul Ball, location: 2F 1-1: Ball 2-1: Fly out, F3 (Popup, 3SF, EV 65.0 MPH)
|
Top of the 4th over - 0 runs, 0 hits, 0 errors, 0 left on base; University of Conneticut 0 - University of Southern California 0 |
BOTTOM OF THE 4TH |
University of Southern California Trojans batting - Pitching for University of Conneticut Huskies : RHP Jay Catoe
|
Batting: LHB Justin Veirs
|
0-0: Called Strike 0-1: Ball 1-1: Swinging Strike 1-2: Strikes out swinging
|
Batting: RHB Jeremy McAbee
|
0-0: Ball 1-0: SINGLE (Groundball, 6MD, EV 98.8 MPH)
|
Batting: LHB Eric Rosenstein
|
0-0: DOUBLE (Line Drive, 8LD, EV 105.0 MPH) Jeremy McAbee to third Runner from 3rd tries for Home, SAFE, no throw by CF
|
Batting: RHB Jim Baltazar
|
0-0: Ball 1-0: Foul Ball, location: 2F 1-1: Ball 2-1: Ball 3-1: Ground out 6-3 (Groundball, 6, EV 94.4 MPH)
|
Batting: RHB Jochen Schanz
|
0-0: Ball 1-0: Ground out 6-3 (Groundball, 6, EV 82.5 MPH)
|
Bottom of the 4th over - 1 run, 2 hits, 0 errors, 1 left on base; University of Conneticut 0 - University of Southern California 1 |
TOP OF THE 5TH |
University of Conneticut Huskies batting - Pitching for University of Southern California Trojans : LHP Ewan Vermeulen
|
Batting: LHB Omar Alba
|
0-0: Called Strike 0-1: Ball 1-1: Swinging Strike 1-2: Strikes out looking
|
Batting: RHB Lee Wilbur
|
0-0: Ball 1-0: Ball 2-0: Called Strike 2-1: Swinging Strike 2-2: Foul Ball, location: 2F 2-2: Foul Ball, location: 2F 2-2: Foul Ball, location: 2F 2-2: Ball 3-2: Fly out, F8 (Flyball, 8LD, EV 101.2 MPH)
|
Batting: LHB Matt Reed
|
0-0: Foul Ball, location: 2F 0-1: Called Strike 0-2: Ground out 6-3 (Groundball, 6, EV 83.1 MPH)
|
Top of the 5th over - 0 runs, 0 hits, 0 errors, 0 left on base; University of Conneticut 0 - University of Southern California 1 |
BOTTOM OF THE 5TH |
University of Southern California Trojans batting - Pitching for University of Conneticut Huskies : RHP Jay Catoe
|
Batting: RHB Tri Kartini
|
0-0: Called Strike 0-1: Called Strike 0-2: Ball 1-2: Ground out 6-3 (Groundball, 6, EV 101.9 MPH)
|
Batting: RHB Liangde Zhou
|
0-0: Swinging Strike 0-1: Ball 1-1: Foul Ball, location: 2F 1-2: Foul Ball, location: 2F 1-2: Ground out 5-3 (Groundball, 56S, EV 67.5 MPH)
|
Batting: LHB Brad Betterton
|
0-0: Called Strike 0-1: Ground out 6-3 (Groundball, 4M, EV 106.2 MPH)
|
Bottom of the 5th over - 0 runs, 0 hits, 0 errors, 0 left on base; University of Conneticut 0 - University of Southern California 1 |
TOP OF THE 6TH |
University of Conneticut Huskies batting - Pitching for University of Southern California Trojans : LHP Ewan Vermeulen
|
Pitching: RHP Bing-zhang Ban
|
|
Batting: RHB Phil Hilton
|
0-0: Swinging Strike 0-1: Foul Ball, location: 2F 0-2: Ball 1-2: Strikes out swinging
|
Pitching: RHP Dave Montoya
|
|
Batting: RHB Jai De san miguel
|
0-0: Ball 1-0: Called Strike 1-1: Ball 2-1: Swinging Strike 2-2: Foul Ball, location: 2F 2-2: Ball 3-2: Foul Ball, location: 2F 3-2: Strikes out swinging
|
Batting: RHB Roku Kawano
|
0-0: Ball 1-0: Ball 2-0: Called Strike 2-1: Foul Ball, location: 2F 2-2: Foul Ball, location: 2F 2-2: Ball 3-2: SOLO HOME RUN (Flyball, 78XD, EV 105.0 MPH), Distance : 437 ft
|
Batting: LHB Greg James
|
0-0: Called Strike 0-1: Ball 1-1: Swinging Strike 1-2: Foul Ball, location: 2F 1-2: Foul Ball, location: 2F 1-2: Ball 2-2: Ball 3-2: Foul Ball, location: 2F 3-2: Base on Balls
|
Batting: RHB Victor Ramos
|
0-0: Ground out 5-3 (Groundball, 5L, EV 88.1 MPH)
|
Top of the 6th over - 1 run, 1 hit, 0 errors, 1 left on base; University of Conneticut 1 - University of Southern California 1 |
BOTTOM OF THE 6TH |
University of Southern California Trojans batting - Pitching for University of Conneticut Huskies : RHP Jay Catoe
|
Pitching: RHP Leo Cartwright
|
|
Batting: RHB Eric Baker
|
0-0: Ball 1-0: Ball 2-0: Foul Ball, location: 2F 2-1: Swinging Strike 2-2: Foul Ball, location: 2F 2-2: Strikes out swinging
|
Batting: LHB Justin Veirs
|
0-0: Foul Ball, location: 2F 0-1: Called Strike 0-2: Ball 1-2: Foul Ball, location: 2F 1-2: Foul Ball, location: 2F 1-2: Foul Ball, location: 2F 1-2: Ball 2-2: Strikes out swinging
|
Batting: RHB Jeremy McAbee
|
0-0: Ball 1-0: Ball 2-0: Foul Ball, location: 2F 2-1: Ball 3-1: Base on Balls
|
Batting: LHB Eric Rosenstein
|
0-0: Fly out, F8 (Flyball, 8RD, EV 99.4 MPH)
|
Bottom of the 6th over - 0 runs, 0 hits, 0 errors, 1 left on base; University of Conneticut 1 - University of Southern California 1 |
TOP OF THE 7TH |
University of Conneticut Huskies batting - Pitching for University of Southern California Trojans : RHP Dave Montoya
|
Pitching: LHP Bryce Brimhall
|
|
Batting: LHB Jonathan Sica
|
0-0: Fly out, F9 (Flyball, 9D, EV 100.6 MPH)
|
Batting: LHB Omar Alba
|
0-0: Called Strike 0-1: Ball 1-1: Swinging Strike 1-2: Ball 2-2: Foul Ball, location: 2F 2-2: Strikes out looking
|
Batting: RHB Lee Wilbur
|
0-0: Foul Ball, location: 2F 0-1: DOUBLE (Line Drive, 89D, EV 106.2 MPH)
|
Batting: LHB Matt Reed
|
0-0: Ball 1-0: Called Strike 1-1: Ball 2-1: Foul Ball, location: 2F 2-2: Foul Ball, location: 2F 2-2: Strikes out swinging
|
Top of the 7th over - 0 runs, 1 hit, 0 errors, 1 left on base; University of Conneticut 1 - University of Southern California 1 |
BOTTOM OF THE 7TH |
University of Southern California Trojans batting - Pitching for University of Conneticut Huskies : RHP Leo Cartwright
|
Pinch Hitting: LHB Alonzo Catalan
|
0-0: Ground out 4-3 (Groundball, 34D, EV 108.8 MPH)
|
Batting: RHB Jochen Schanz
|
0-0: Ball 1-0: Foul Ball, location: 2F 1-1: Swinging Strike 1-2: Fly out, F9 (Flyball, 9LS, EV 96.2 MPH)
|
Batting: RHB Tri Kartini
|
0-0: SINGLE (Groundball, 34, EV 93.8 MPH)
|
Batting: RHB Liangde Zhou
|
|
Pinch Hitting: LHB John Rumbolt
|
0-0: Fly out, F7 (Flyball, 7, EV 91.9 MPH)
|
Bottom of the 7th over - 0 runs, 1 hit, 0 errors, 1 left on base; University of Conneticut 1 - University of Southern California 1 |
TOP OF THE 8TH |
University of Conneticut Huskies batting - Pitching for University of Southern California Trojans : LHP Bryce Brimhall
|
Pitching: RHP Gabe Hires
|
|
Now at 1B: Brad Betterton
|
|
Now in LF: John Rumbolt
|
|
Now in CF: Alonzo Catalan
|
|
Now in RF: Justin Veirs
|
|
Batting: RHB Phil Hilton
|
0-0: Ball 1-0: Swinging Strike 1-1: Ball 2-1: Ball 3-1: Called Strike 3-2: Base on Balls
|
Batting: RHB Jai De san miguel
|
0-0: Ball 1-0: Ball 2-0: Called Strike Phil Hilton steals 2nd base 2-1: Ball 3-1: Foul Ball, location: 2F 3-2: Foul Ball, location: 2F 3-2: Foul Ball, location: 2F 3-2: Strikes out looking
|
Batting: RHB Roku Kawano
|
0-0: Called Strike 0-1: Ball 1-1: Ball 2-1: Ball 3-1: Swinging Strike 3-2: Foul Ball, location: 2F 3-2: Foul Ball, location: 2F 3-2: Base on Balls
|
Batting: LHB Greg James
|
0-0: Foul Ball, location: 2F 0-1: Swinging Strike 0-2: Ball Wild Pitch! Phil Hilton to third Roku Kawano to second 1-2: DOUBLE (Flyball, 89XD, EV 106.9 MPH) Phil Hilton scores Roku Kawano scores
|
Batting: RHB Victor Ramos
|
0-0: SINGLE (Line Drive, 9LS, EV 101.2 MPH) Greg James to third
|
Batting: LHB Jonathan Sica
|
0-0: Called Strike Victor Ramos is caught stealing 2nd base 2-6 0-1: Called Strike 0-2: Foul Ball, location: 2F 0-2: Ball 1-2: Fly out, F9 (Line Drive, 9, EV 98.8 MPH)
|
Top of the 8th over - 2 runs, 2 hits, 0 errors, 1 left on base; University of Conneticut 3 - University of Southern California 1 |
BOTTOM OF THE 8TH |
University of Southern California Trojans batting - Pitching for University of Conneticut Huskies : RHP Leo Cartwright
|
Pitching: RHP Jean-François Michel
|
|
Batting: LHB Brad Betterton
|
0-0: Ball 1-0: Swinging Strike 1-1: Ball 2-1: Swinging Strike 2-2: Ball 3-2: Strikes out looking
|
Batting: RHB Eric Baker
|
0-0: Called Strike 0-1: Foul Ball, location: 2F 0-2: DOUBLE (Flyball, 7LD, EV 99.4 MPH)
|
Batting: LHB Justin Veirs
|
0-0: Called Strike 0-1: Ball 1-1: Ball 2-1: Ground out 6-3 (Groundball, 6, EV 92.5 MPH)
|
Batting: RHB Jeremy McAbee
|
0-0: Called Strike 0-1: Ball 1-1: Ball 2-1: Foul Ball, location: 2F 2-2: Ball 3-2: DOUBLE (Line Drive, 7LM, EV 106.9 MPH) Eric Baker scores
|
Batting: LHB Eric Rosenstein
|
0-0: Foul Ball, location: 2F 0-1: Ball 1-1: Called Strike 1-2: Strikes out swinging
|
Bottom of the 8th over - 1 run, 2 hits, 0 errors, 1 left on base; University of Conneticut 3 - University of Southern California 2 |
TOP OF THE 9TH |
University of Conneticut Huskies batting - Pitching for University of Southern California Trojans : RHP Gabe Hires
|
Pitching: RHP Lorenzo Garcia
|
|
Batting: LHB Omar Alba
|
0-0: Ball 1-0: Ball 2-0: Called Strike 2-1: Swinging Strike 2-2: Strikes out swinging
|
Batting: RHB Lee Wilbur
|
0-0: Ground out 4-3 (Groundball, 4MS, EV 68.1 MPH)
|
Batting: LHB Matt Reed
|
0-0: Ball 1-0: Ball 2-0: Ball 3-0: Called Strike 3-1: Called Strike 3-2: Strikes out swinging
|
Top of the 9th over - 0 runs, 0 hits, 0 errors, 0 left on base; University of Conneticut 3 - University of Southern California 2 |
BOTTOM OF THE 9TH |
University of Southern California Trojans batting - Pitching for University of Conneticut Huskies : RHP Jean-François Michel
|
Pitching: RHP Hugo Chavez
|
|
Batting: LHB Alonzo Catalan
|
0-0: Swinging Strike 0-1: Ball 1-1: Swinging Strike 1-2: Strikes out swinging, 2-3 out at first.
|
Pinch Hitting: RHB Bobby Basoco
|
0-0: Called Strike 0-1: Swinging Strike 0-2: Ball 1-2: Ball 2-2: Ball 3-2: Foul Ball, location: 2F 3-2: Base on Balls
|
Pinch Hitting: LHB Paul Conrad
|
0-0: Ball 1-0: Swinging Strike 1-1: Called Strike 1-2: Ball 2-2: Foul Ball, location: 2F 2-2: Strikes out swinging
|
Batting: LHB John Rumbolt
|
0-0: Swinging Strike 0-1: Ball 1-1: Foul Ball, location: 2F 1-2: Foul Ball, location: 2F 1-2: SINGLE (Line Drive, 8RS, EV 93.1 MPH) Bobby Basoco to second
|
Batting: LHB Brad Betterton
|
0-0: Fly out, F9 (Flyball, 9D, EV 75.0 MPH)
|
Bottom of the 9th over - 0 runs, 1 hit, 0 errors, 2 left on base; University of Conneticut 3 - University of Southern California 2 |
|